 Dungeon Crawl Stone Soup version 0.31-a0-222-gefeffbb62a (webtiles) character file.

Game seed: 10872185307671973375

66 Maxmaps the Poker (level 3, 0/27 HPs)
             Began as a Demonspawn Gladiator on July 6, 2023.
             Slain by an adder (1 damage)
             ... on level 3 of the Dungeon.
             The game lasted 00:01:11 (1367 turns).

Maxmaps the Poker (Demonspawn Gladiator)            Turns: 1367, Time: 00:01:12

Health: 0/27       AC:  4    Str:  9 (12) XL:     3   Next: 96%
Magic:  0/3        EV: 11    Int: 13 (15) God:
Gold:   111        SH:  0    Dex: 11 (14) Spells: 2/2 levels left

rFire   . . .        a - +0 trident
rCold   . . .        (no shield)
rNeg    . . .        b - +0 leather armour
rPois   .            c - +0 helmet
rElec   .            (no cloak)
rCorr   .            (no gloves)
SInv    .            (no boots)
Will    .....        j - amulet of guardian spirit
Stlth   +            (no ring)
HPRegen 0.24/turn    (no ring)
MPRegen 0.08/turn

%: guardian spirit
@: lethally poisoned (0 -> -1)
A: big brain 2, weak 1
a: no special abilities


You were on level 3 of the Dungeon.
You visited 1 branch of the dungeon, and saw 3 of its levels.

You collected 111 gold pieces.

Inventory:

Hand Weapons
 a - a +0 trident (weapon)
Missiles
 d - 3 throwing nets (quivered)
 e - a javelin
Armour
 b - a +0 leather armour (worn)
 c - a +0 helmet (worn)
Jewellery
 j - an amulet of guardian spirit (around neck)
Scrolls
 g - a scroll of amnesia {unknown}
 h - a scroll of enchant weapon {unknown}
 i - 2 scrolls of vulnerability {unknown}
 k - a scroll of identify {unknown}
 l - a scroll of enchant armour {unknown}
 m - 2 scrolls of teleportation {unknown}
 o - a scroll of fog {unknown}
Potions
 n - 2 potions of degeneration


   Skills:
 - Level 2.0 Fighting
 + Level 4.4 Polearms
 - Level 1.7 Throwing
 - Level 2.6 Dodging


You had 2 spell levels left.
You didn't know any spells.
Your spell library contained the following spells:

 Spells                   Type           Power      Damage    Failure   Level
 Frozen Ramparts          Ice            0%         1d1       78%         3
 Ozocubu's Armour         Ice            0%         N/A       78%         3
 Ice Form                 Ice/Tmut       0%         N/A       99%         4
 Summon Ice Beast         Ice/Summ       0%         N/A       99%         4
 Metabolic Englaciation   Hex/Ice        0%         N/A       100%        5
 Simulacrum               Ice/Necr       0%         N/A       100%        6


Dungeon Overview and Level Annotations

Branches:
Dungeon (3/15)

Altars:


Innate Abilities, Weirdness & Mutations

You have an extremely huge brain. (Int +4)
You are weak. (Str -2)


Message History

The adder poisons you!
You closely miss the adder.
The adder is heavily wounded.
You feel sick. The adder bites you but does no damage.
An orc priest comes into view. It is wielding a +0 flail.
The adder barely misses you.
An orc priest comes into view. It is wielding a +0 flail.
The orc barely misses you. The orc attacks as you move away!
The orc completely misses you.
You feel sick.
The orc priest shouts!
The orc hits you with a +0 falchion. The adder attacks as you move away!
The adder barely misses you.
You feel sick. The adder barely misses you.
You feel sick.
You are no longer poisoned.
The adder attacks as you move away! The adder bites you.
* * * LOW HITPOINT WARNING * * *
You see here a +0 club.
It was a potion of degeneration.
There was something very wrong with that liquid.
You feel weakened.
You feel dopey.
You feel clumsy. The adder misses you.
It was a potion of mutation.
You feel extremely strange.
You feel weaker.
You feel yourself wasting away.
You feel healthier. The adder barely misses you. The adder bites you.
* * * LOW HITPOINT WARNING * * *
You are poisoned.
The adder poisons you!
You barely miss the adder.
The adder is heavily wounded.
You feel sick. The adder bites you but does no damage.
You closely miss the adder.
The adder is heavily wounded.
You feel sick. The adder bites you.
* * * LOW HITPOINT WARNING * * *
You closely miss the adder.
The adder is heavily wounded.
* * * LOW HITPOINT WARNING * * *
You feel sick. The adder bites you.
You die...

.# #### .. ...############
.### ##.##.........# ...
...##.#######.#### ..#
#..##.# #......# ..#
#..##.# ###.#.##.###o.#
#..##.# #......#@##...##
...##.###.#.#..#S#oo...##
#.###...........ooo..o....#
#.# #.........##.###..#####
..# #.##....#.##.# .....
### #............# .####
#.........#### +#
#.........# ## #.##...##.#


You could see an adder and 2 orcs.

Vanquished Creatures
  3 adders
  A dart slug (D:2)
  2 bats (D:1)
  2 endoplasms (D:1)
  A giant cockroach (D:2)
  6 goblins
  4 hobgoblins (D:1)
  3 quokkas
  7 ball pythons
  2 frilled lizards
  4 kobolds
  2 rats (D:1)
37 creatures vanquished.

Notes
Turn   | Place    | Note
-------+----------+-------------------------------------------
     0 | D:1      | Maxmaps the Demonspawn Gladiator began the quest for the
                  | Orb.
     0 | D:1      | Reached XP level 1. HP: 16/16 MP: 1/1
    63 | D:1      | Reached skill level 3 in Polearms
   121 | D:1      | Gained mutation: You have an unusually large brain. (Int
                  | +2) [demonic ancestry]
   121 | D:1      | Reached XP level 2. HP: 21/22 MP: 2/2
   168 | D:1      | Found a faded altar of an unknown god.
   671 | D:2      | Gained mutation: You have an extremely huge brain. (Int +4)
                  | [demonic ancestry]
   671 | D:2      | Reached XP level 3. HP: 12/27 MP: 1/3
   788 | D:2      | Reached skill level 4 in Polearms
  1364 | D:3      | Gained mutation: You are weak. (Str -2) [potion of
                  | mutation]
  1364 | D:3      | Gained mutation: Your body sometimes deteriorates upon
                  | taking damage. [potion of mutation]
  1364 | D:3      | Lost mutation: Your body sometimes deteriorates upon taking
                  | damage. [potion of mutation]
  1366 | D:3      | HP: 1/27 [adder (2)]
  1367 | D:3      | Slain by an adder

Illustrated notes

Levels and vault maps discovered:
D:1:      eino_arrival_water_star, layout_rooms,
          dreamdust_ecumenical_altar_statues
D:2:      layout_basic
D:3:      layout_loops_corners, nicolae_uskayaw_en_pointe, serial_shops,
          nicolae_shop_back_alley_shop, kennysheep_generic_room_7

Skill      XL: |  1  2  3 |
---------------+----------+-----
Polearms       | 3 4 |  4.4
Fighting       | |  2.0
Throwing       | |  1.7
Dodging        | |  2.6

Action                     || total
---------------------------++-------
  Melee: Trident           ||   141
         Punch             ||     1
    Use: Potion            ||     2
   Stab: Sleeping          ||     2
 Armour: Leather armour    ||    43
  Dodge: Dodged            ||    81

Table legend: (Time is in decaauts)
 A = Elapsed time spent in this place.
 B = Non-inter-level travel time spent in this place.
 C = Inter-level travel time spent in this place.
 D = Time resting spent in this place.
 E = Time spent auto-exploring this place.
 F = Levels seen in this place.
 G = Mean time per level.
                   A        B        C        D        E       F      G
               +--------+--------+--------+--------+--------+-----+--------+
         Total |   1382 |   1348 |     34 |    154 |    902 |   3 |  460.7 |
       Dungeon |   1382 |   1348 |     34 |    154 |    902 |   3 |  460.7 |
               +--------+--------+--------+--------+--------+-----+--------+

Top non-repeatable levels by time:
     D:1: 574 daAuts
     D:2: 485 daAuts
     D:3: 322 daAuts
